 Dungeon Crawl Stone Soup version 0.28-a0-1447-ga5a8893891 (webtiles) character file.

Game seed: 7185034100015929993

844 Grognak the Spear-Bearer (level 7, -5/64 HPs)
             Began as a Minotaur Chaos Knight on Jan 10, 2022.
             Was a Plaything of Xom.
             Slain by a kobold brigand (7 damage)
             ... in a sewer.
             The game lasted 00:07:07 (3923 turns).

Grognak the Spear-Bearer (Minotaur Chaos Knight)    Turns: 3923, Time: 00:07:08

Health: -5/64      AC:  6    Str: 21    XL:     7   Next: 68%
Magic:  6/6        EV: 11    Int:  9    God:    Xom [.*....]
Gold:   143        SH:  0    Dex: 11    Spells: 6/6 levels left

rFire   . . .      SeeInvis .   a - +0 spear (chaos)
rCold   . . .      Faith    .   (no shield)
rNeg    . . .      Spirit   .   d - +0 ring mail
rPois   .          Reflect  .   (helmet restricted)
rElec   .          Harm     .   j - scarf {shadows}
rCorr   .          Rampage  .   (no gloves)
Will    +....                   (no boots)
Stlth   +.........              (no amulet)
HPRegen 0.20/turn               b - +4 ring of slaying
MPRegen 0.10/turn               i - +6 ring of strength

@: brilliant, lethally poisoned (-5 -> -8), slowed, studying Fighting, very slow
A: horns 2, retaliatory headbutt, strong-willed 1, screaming 2, weak 1,
MP-powered wands
a: Renounce Religion


You were in a sewer.
You worshipped Xom.
You were a plaything of Xom.
You visited 1 branch of the dungeon, and saw 4 of its levels.
You also visited: Sewer.

You collected 143 gold pieces.

Inventory:

Hand Weapons
 a - a +0 spear of chaos (weapon)
Armour
 d - a +0 ring mail (worn)
 j - a scarf of shadows (worn)
Jewellery
 b - a +4 ring of slaying (left hand)
 c - a ring of flight
 e - a +4 ring of evasion
 i - a +6 ring of strength (right hand)
Wands
 f - a wand of digging (6)
Scrolls
 g - 2 scrolls of identify
 k - 2 scrolls of teleportation
 m - 2 scrolls of fog
Potions
 h - a potion of mutation


   Skills:
 * Level 6.7 Fighting
 * Level 8.2 Polearms
 * Level 5.4 Armour
 * Level 2.6 Dodging
 + Level 0.7 Stealth


You had 6 spell levels left.
You didn't know any spells.
Your spell library contained the following spells:

 Spells                   Type           Power      Damage    Failure   Level
 Ensorcelled Hibernation  Hex/Ice        0%         N/A       67%         2
 Passwall                 Tmut/Erth      0%         N/A       67%         2
 Static Discharge         Conj/Air       0%         N/A       67%         2
 Swiftness                Air            0%         N/A       88%         3
 Animate Armour           Summ/Erth      0%         N/A       99%         4
 Blade Hands              Tmut           0%         N/A       100%        5
 Lightning Bolt           Conj/Air       0%         1d11      100%        5
 Iron Shot                Conj/Erth      0%         9d1       100%        6
 Maxwell's Capacitive Co  Air            0%         ∞         100%        8


Dungeon Overview and Level Annotations

Branches:
Dungeon (4/15)              Sewer (1/1)
 Temple: D:4-7

Altars:


Innate Abilities, Weirdness & Mutations

You have a pair of horns on your head.
You reflexively headbutt those who attack you in melee.
You are strong-willed. (Will+)
You frequently scream uncontrollably at your foes.
You are weak. (Str -2)
You expend magic power (3 MP) to strengthen your wands.


Message History

The kobold brigand throws a curare-tipped dart.
The curare-tipped dart hits you.
You are more poisoned.
You have difficulty breathing.
You feel as though you will be slow longer.
It was a potion of brilliance.
You feel clever all of a sudden.
You feel extremely sick.
* * * LOW HITPOINT WARNING * * *
You feel extremely sick. The kobold brigand closely misses you.
The kobold brigand completely misses you.
Your unstable footing causes you to fumble your attack.
You feel sick.
The kobold brigand hits you with a +0 short sword.
* * * LOW HITPOINT WARNING * * *
You hit the kobold brigand.
The kobold brigand is lightly wounded.
* * * LOW HITPOINT WARNING * * *
You feel sick.
The kobold brigand hits you with a +0 short sword.
* * * LOW HITPOINT WARNING * * *
You hit the kobold brigand but do no damage.
The kobold brigand is poisoned.
You headbutt the kobold brigand! Your punch misses the kobold brigand.
The kobold brigand is heavily wounded.
* * * LOW HITPOINT WARNING * * *
You feel sick. The kobold brigand closely misses you.
Your unstable footing causes you to fumble your attack.
* * * LOW HITPOINT WARNING * * *
You feel sick. "Have a taste of chaos, mortal."
The kobold brigand's +0 short sword erupts in a glittering mayhem of colour.
The kobold brigand barely misses you.
You barely miss the kobold brigand.
The kobold brigand is heavily wounded.
* * * LOW HITPOINT WARNING * * *
You feel sick.
The kobold brigand hits you with a +4 short sword of chaos!
You die...

#≈###.# #≈≈≈≈.# ##≈≈.##
#.≈≈# #≈≈.# ##.≈.#
##.≈..# ####### ##..≈≈.#
#####≈)≈≈.#
≈≈.≈≈.########≈K@≈≈#
≈≈≈.####.≈≈≈≈≈.###.≈≈≈.#
.≈≈## #.≈≈≈≈≈≈≈# #######
..≈####.≈....≈≈###.≈≈
...≈##≈≈.≈####≈≈≈≈≈#
..≈≈≈.≈≈≈## #####≈≈≈
.≈≈.≈≈≈≈## # ..≈≈≈.≈.#
∩)≈≈≈.≈≈#


You could see a kobold brigand (very poisoned).

Vanquished Creatures
  A hog (Sewer)
  A sky beast (D:4)
  6 kobold brigands (Sewer)
  An iguana (D:4)
  Terence (D:3)
  7 adders
  9 worms
  2 orcs
  2 bats
  17 endoplasms
  2 giant cockroaches
  4 goblins
  6 hobgoblins
  4 kobolds
  A quokka (D:4)
  8 ball pythons
  3 frilled lizards
  7 rats
82 creatures vanquished.

Notes
Turn   | Place    | Note
-------+----------+-------------------------------------------
     0 | D:1      | Grognak the Minotaur Chaos Knight began the quest for the
                  | Orb.
     0 | D:1      | Reached XP level 1. HP: 19/19 MP: 0/0
   205 | D:1      | Reached skill level 4 in Polearms
   217 | D:1      | Reached XP level 2. HP: 27/27 MP: 1/1
   359 | D:1      | XOM: silly message
   367 | D:1      | XOM: divination: detect creatures
   824 | D:2      | Reached XP level 3. HP: 9/33 MP: 2/2
  1045 | D:2      | Found a faded altar of an unknown god.
  1143 | D:2      | XOM: 3-stop teleportation journey
  1439 | D:2      | XOM: noise
  1558 | D:3      | XOM: god gift: runed scarf {god gift}
  1606 | D:3      | Noticed Terence
  1624 | D:3      | Killed Terence
  1625 | D:3      | Reached XP level 4. HP: 13/41 MP: 3/3
  1852 | D:3      | XOM: divination: detect creatures
  1876 | D:3      | Identified a scroll of acquirement
  1876 | D:3      | Acquired a manual of Fighting
  1919 | D:3      | Reached skill level 5 in Polearms
  2101 | D:3      | XOM: silly message
  2143 | D:3      | XOM: silly message
  2276 | D:3      | XOM: noise
  2519 | D:3      | XOM: divination: detect items
  2595 | D:4      | XOM: stealth player
  2715 | D:4      | Found a glowing drain.
  2717 | D:4      | XOM: divination: detect creatures
  2718 | D:4      | Noticed a sky beast
  2718 | D:4      | an iguana changed into a sky beast
  2719 | D:4      | XOM: divination: detect creatures
  2726 | D:4      | Killed a sky beast
  2727 | D:4      | Reached skill level 5 in Fighting
  2727 | D:4      | Reached skill level 6 in Polearms
  2727 | D:4      | Reached XP level 5. HP: 25/48 MP: 4/4
  2731 | D:4      | Gained mutation: You expend magic power (3 MP) to
                  | strengthen your wands. [potion of mutation]
  2731 | D:4      | Gained mutation: You occasionally shout uncontrollably at
                  | your foes. [potion of mutation]
  2731 | D:4      | Gained mutation: You are strong-willed. (Will+) [potion of
                  | mutation]
  2816 | Sewer    | Entered a sewer
  2916 | Sewer    | XOM: 7-stop teleportation journey
  2928 | Sewer    | XOM: summons friendly iron imp
  2932 | Sewer    | XOM: fog
  2936 | Sewer    | Reached XP level 6. HP: 20/56 MP: 5/5
  2941 | Sewer    | Reached skill level 7 in Polearms
  2942 | Sewer    | XOM: god gift: blue potion {god gift}
  3218 | Sewer    | XOM: scenery: summon butterflies
  3399 | Sewer    | Noticed a hog
  3399 | Sewer    | a kobold brigand changed into a hog
  3405 | Sewer    | Killed a hog
  3406 | Sewer    | Reached XP level 7. HP: 55/63 MP: 6/6
  3466 | Sewer    | XOM: enchant monster (bad)
  3554 | Sewer    | Reached skill level 5 in Armour
  3575 | Sewer    | XOM: give mutations
  3575 | Sewer    | Gained mutation: You are weak. (Str -2) [Xom's mischief]
  3575 | Sewer    | Gained mutation: You frequently scream uncontrollably at
                  | your foes. [Xom's mischief]
  3735 | Sewer    | Reached skill level 8 in Polearms
  3796 | Sewer    | XOM: silly message
  3922 | Sewer    | HP: 3/64 [poisoned by a kobold brigand (curare-tipped
                  | dart)]
  3922 | Sewer    | XOM: chaos upgrade
  3923 | Sewer    | Slain by a kobold brigand

Illustrated notes

Levels and vault maps discovered:
D:1:      heliophobic_arrival_glass_houses, layout_loops_ring
D:2:      layout_loops_cross, basic_ecumenical_altar
D:3:      layout_basic, uniq_terence
D:4:      layout_loops_ring, gup_sewer_entry_glass
Sewer:    sewer_co_tree

Skill      XL: |  1  2  3  4  5  6  7 |
---------------+----------------------+-----
Polearms       | 4 6 7 8 |  8.2
Fighting       | 4 5 6 |  6.7
Armour         | 3 4 5 |  5.4
Dodging        | 2 |  2.6
Stealth        | |  0.7

Action                   |  1- 3 |  4- 6 |  7- 9 || total
-------------------------+-------+-------+-------++-------
Melee: Spear             |    81 |   111 |    51 ||   243
       Headbutt          |     4 |    11 |     5 ||    20
       Punch             |     1 |     2 |       ||     3
  Use: Scroll            |     3 |     3 |     1 ||     7
       Potion            |     1 |     5 |     1 ||     7
 Stab: Paralysed         |     1 |       |       ||     1
Armor: Ring mail         |     8 |    18 |     4 ||    30
Dodge: Dodged            |    26 |    21 |    13 ||    60

Table legend: (Time is in decaauts)
 A = Elapsed time spent in this place.
 B = Non-inter-level travel time spent in this place.
 C = Inter-level travel time spent in this place.
 D = Time resting spent in this place.
 E = Time spent auto-exploring this place.
 F = Levels seen in this place.
 G = Mean time per level.
                   A        B        C        D        E       F      G
               +--------+--------+--------+--------+--------+-----+--------+
         Total |   3970 |   3783 |    187 |    396 |   2807 |   5 |  794.0 |
       Dungeon |   2778 |   2591 |    187 |    298 |   1890 |   4 |  694.5 |
         Sewer |   1191 |   1191 |      0 |     97 |    917 |   1 | 1191.0 |
               +--------+--------+--------+--------+--------+-----+--------+

Top non-repeatable levels by time:
   Sewer: 1191 daAuts
     D:3: 1015 daAuts
     D:2: 774 daAuts
     D:1: 771 daAuts
     D:4: 217 daAuts
